 Dungeon Crawl Stone Soup version 0.31-a0-204-g7da18cac08 (webtiles) character file.

Game seed: 9797203040695732856

3488 lunkers the Destroyer (level 10, 0/74 HPs)
             Began as a Meteoran Wanderer on June 27, 2023.
             Was a Believer of Vehumet.
             Killed from afar by a gargoyle (14 damage)
             ... with a stone arrow
             ... on level 8 of the Dungeon.
             The game lasted 00:16:04 (4359 turns).

lunkers the Destroyer (Meteoran Wanderer)           Turns: 4359, Time: 00:16:05

Health: 0/74       AC:  7    Str: 17    XL:     10   Next: 52%
Magic:  10/22      EV: 12    Int: 22    God:    Vehumet [**....]
Gold:   396        SH:  5    Dex: 13    Spells: 9/23 levels left

rFire   + . .        b - staff of air
rCold   . . .        f - +1 buckler
rNeg    . . .        y - +2 robe {Will+}
rPois   .            (no helmet)
rElec   +            (no cloak)
rCorr   .            (no gloves)
SInv    .            o - +2 pair of boots {Stlth+}
Will    ++...        (no amulet)
Stlth   +            g - +6 ring of strength
HPRegen 0.32/turn    C - ring of protection from fire
MPRegen 0.18/turn

%: no passive effects
@: glowing
A: sense surroundings 2, otherworldly, glowing, explore regen
a: Renounce Religion


You were on level 8 of the Dungeon.
You worshipped Vehumet.
Vehumet was pleased with you.
You visited 2 branches of the dungeon, and saw 9 of its levels.
You also visited: Ossuary.

You collected 396 gold pieces.

Inventory:

Hand Weapons
 a - a +3 heavy falchion
 s - a +1 dagger of venom
Missiles
 B - a throwing net
Armour
 f - a +1 buckler (worn)
 l - a +1 robe of cold resistance
 o - a +2 pair of boots of stealth (worn)
 y - a +2 robe of willpower (worn)
 E - +0 steam dragon scales
Magical Staves
 b - a staff of air (weapon)
 D - a staff of conjuration
Jewellery
 d - a +6 ring of strength
 g - a +6 ring of strength (left hand)
 u - a +6 ring of strength
 C - a ring of protection from fire (right hand)
 I - a ring of protection from fire
 K - a ring of see invisible
Wands
 x - a wand of roots (18)
Scrolls
 e - a scroll of amnesia
 i - 2 scrolls of revelation
 p - 3 scrolls of teleportation
 r - a scroll of brand weapon
 A - a scroll of enchant weapon
 F - a scroll of fog
 H - a scroll of enchant armour
Potions
 c - 2 potions of magic {unknown}
 h - 2 potions of curing {unknown}
 j - a potion of cancellation {unknown}
 k - 2 potions of attraction
 m - a potion of resistance
 n - 2 potions of lignification
 q - 3 potions of ambrosia {unknown}
 t - 3 potions of haste
 v - 5 potions of enlightenment
 w - a potion of mutation {unknown}
 z - 3 potions of heal wounds {unknown}
 G - 2 potions of brilliance {unknown}
 J - a potion of berserk rage {unknown}


   Skills:
 + Level 2.3 Fighting
 - Level 4.4 Long Blades
 + Level 2.5 Dodging
 - Level 2.4 Shields
 + Level 7.4 Spellcasting
 * Level 10.6 Conjurations
 * Level 9.7 Air Magic
 - Level 2.4 Evocations


You had 9 spell levels left.
You knew the following spells:

 Your Spells              Type           Power      Damage    Failure   Level
b - Mephitic Cloud        Conj/Pois/Air  55%        N/A       1%          3
c - Arcjolt               Conj/Air       34%        1d44      4%          5
d - Vhi's Electric Charg  Tloc/Air       88%        N/A       4%          3
p - Searing Ray           Conj           100%       2d8       1%          2
q - Shock                 Conj/Air       100%       1d9       1%          1

Your spell library contained the following spells:

 Spells                   Type           Power      Damage    Failure   Level
 Magic Dart               Conj           100%       1d8       1%          1
 Momentum Strike          Conj/Tloc      62%        3d9       1%          2
 Flame Wave               Conj/Fire      31%        2d9       11%         4
 Sticky Flame             Conj/Fire      31%        2d5       11%         4
 Call Imp                 Summ           16%        N/A       16%         2
 Ensorcelled Hibernation  Hex/Ice        16%        N/A       16%         2
 Inner Flame              Hex/Fire       8%         N/A       30%         3
 Spider Form              Tmut/Pois      8%         N/A       30%         3
 Anguish                  Hex/Necr       4%         N/A       69%         4
 Maxwell's Capacitive Co  Air            33%        ∞         100%        8


Dungeon Overview and Level Annotations

Branches:
Dungeon (8/15) Zot: 742    Temple (1/1) D:4 Zot: 514 Ossuary (visited)
   Lair: D:8-11

Altars:
Ashenzari
Cheibriados
Dithmenos
Elyvilon
Fedhas
Gozag
Hepliaklqana
Kikubaaqudgha
Makhleb
Nemelex Xobeh
Okawaru
Qazlal
Ru
Sif Muna
Trog
Uskayaw
Vehumet
Wu Jian
Yredelemnul
The Shining One

Shops:
D:6 :   D:7 *

Annotations:
D:4 2 runed translucent doors


Innate Abilities, Weirdness & Mutations

You passively map the area around you.
You are easily found by Zot.
You glow in the dark.
You regain HP and MP as you explore.


Message History

Here: a gargoyle, wielding a +0 flail (moderately damaged)
An open door.
Okay, then.
Casting: Searing Ray (safe; 1% risk of failure)
Confirm with . or Enter, or press ? or * to list all spells.
Okay, then.
Okay, then.
Press: ? - help, v - describe, . - travel
Here: a gargoyle, wielding a +0 flail (moderately damaged)
An open door.
Casting: Searing Ray (safe; 1% risk of failure)
Confirm with . or Enter, or press ? or * to list all spells.
Okay, then.
Casting: Searing Ray (safe; 1% risk of failure)
Confirm with . or Enter, or press ? or * to list all spells.
You feel a surge of power!
Electricity surges outward!
The gargoyle completely resists.
The gargoyle is struck by an electric surge.
The gargoyle hits you with a +0 flail!
* * * LOW HITPOINT WARNING * * *
Unknown command.
Casting: Arcjolt (dangerous; 4% risk of failure)
Confirm with . or Enter, or press ? or * to list all spells.
Aiming: Searing Ray (safe; 1% risk of failure)
Press: ? - help, Shift-Dir - straight line, f/p - gargoyle
Aim: a gargoyle, wielding a +0 flail (moderately damaged, 92% to hit)
The searing ray hits the gargoyle but does no damage.
The gargoyle is moderately damaged. (Press . to maintain the ray.)
The gargoyle hits you with a +0 flail.
* * * LOW HITPOINT WARNING * * *
The searing ray hits the gargoyle but does no damage.
The gargoyle is moderately damaged.
The gargoyle hits you with a +0 flail.
* * * LOW HITPOINT WARNING * * *
The searing ray hits the gargoyle!
The gargoyle is severely damaged.
The gargoyle hurls a stone arrow at you.
The stone arrow hits you!
You die...

......###...##.#
#...#####.. ......
*##..†..# #....#.....
*,,.##...
###)..####........#. ,
##..,
#..............#.. *
##
.............###..#..
,* * ..#######....##
##.... * ,* *
###!###.## #..... ,, *
##+.9##8#..# ##...#. *
,, , *
#+..@..'###.###...##.
, * ,
,#.......#8#.##....#*#
*,
#+.......'##......## #
* * **,
#....8....##......# #
,*#+.......'##.#....#
##
#.......#8#.#....###.
*#+.....+###..........
,
,##...##8#.........##
, ,, , .#
#8...8###.####....##


You could see a gargoyle.

Vanquished Creatures
  Pikel (D:7)
  Prince Ribbit (D:5)
  Sigmund (D:6)
  4 steam dragons
  Duvessa (D:6)
  2 black bears
  An ice beast (D:5)
  A centaur (D:7)
  4 lemures (D:7)
  A phantom (D:7)
  2 kobold brigands
  5 bullfrogs
  A scorpion (D:4)
  3 wights (D:8)
  Dowan (D:6)
  A howler monkey (D:8)
  2 centaur zombies (Ossuary)
  2 hounds
  2 jellies
  3 orc priests
  2 human zombies (Ossuary)
  A gnoll bouda (D:7)
  Jessica (D:3)
  Natasha (thrice) (D:4)
  Terence (D:3)
  An iguana (D:6)
  An orc wizard (D:6)
  A scorpion zombie (D:3)
  A hound zombie (D:3)
  2 mummies (Ossuary)
  Robin (D:3)
  3 gnolls (D:7)
  10 adders
  A white imp (D:6)
  A worm (D:2)
  6 dart slugs
  10 orcs
  6 ball pythons
  6 endoplasms
  3 giant cockroaches
  18 goblins
  7 hobgoblins
  2 jackals (D:1)
  10 kobolds
  4 quokkas
  A ball python zombie (D:3)
  5 bats
  5 frilled lizards
  A goblin zombie (Ossuary)
  7 hobgoblin zombies (Ossuary)
  5 jackal zombies
  12 kobold zombies (Ossuary)
  7 orc zombies (Ossuary)
  5 rats
  A rat zombie (Ossuary)
190 creatures vanquished.

Notes
Turn   | Place    | Note
-------+----------+-------------------------------------------
     0 | D:1      | lunkers the Meteoran Wanderer began the quest for the Orb.
     0 | D:1      | lunkers set off with the following items: a +2 falchion, a
                  | +0 buckler, a potion of might, a +0 robe; and the following
                  | spells available to memorise: Searing Ray, Momentum Strike.
     0 | D:1      | Reached XP level 1. HP: 14/14 MP: 3/3
   209 | D:1      | Reached XP level 2. HP: 17/20 MP: 5/5
   218 | D:1      | Learned a level 2 spell: Searing Ray
   313 | D:1      | Reached XP level 3. HP: 15/26 MP: 6/6
   434 | D:1      | Reached skill level 3 in Conjurations
   494 | D:1      | Glimpsed the power of Zot.
   584 | D:2      | Reached XP level 4. HP: 27/33 MP: 8/8
   801 | D:2      | Identified the +1 robe of Dithmenos's Pride {-Tele rF+
                  | Will++ Stlth+}
   824 | D:2      | Reached skill level 4 in Conjurations
   912 | D:3      | Learned a level 3 spell: Mephitic Cloud
   949 | D:3      | Noticed Terence
   958 | D:3      | Killed Terence
   959 | D:3      | Reached skill level 1 in Air Magic
   959 | D:3      | Reached XP level 5. HP: 28/38 MP: 4/10
  1055 | D:3      | Noticed Jessica
  1059 | D:3      | Killed Jessica
  1110 | D:3      | Reached XP level 6. HP: 42/45 MP: 11/11
  1156 | D:3      | Found a basalt altar of Yredelemnul.
  1177 | D:3      | Noticed Robin
  1195 | D:3      | Killed Robin
  1196 | D:3      | Reached skill level 5 in Conjurations
  1249 | D:3      | Learned a level 5 spell: Arcjolt
  1358 | D:4      | Noticed Natasha
  1363 | D:4      | Killed Natasha
  1465 | D:4      | Reached XP level 7. HP: 29/50 MP: 3/13
  1563 | D:4      | Noticed Natasha
  1568 | D:4      | Killed Natasha
  1634 | D:4      | Found a staircase to the Ecumenical Temple.
  1643 | Temple   | Entered the Ecumenical Temple
  1688 | Temple   | Learned a level 3 spell: Vhi's Electric Charge
  1688 | Temple   | Became a worshipper of Vehumet
  1748 | D:4      | Noticed Natasha
  1755 | D:4      | Killed Natasha
  1827 | D:4      | Reached skill level 6 in Conjurations
  1890 | D:4      | Found a large runed translucent door.
  1890 | D:4      | Found a large runed translucent door.
  1895 | D:4      | Found a large runed translucent door.
  1895 | D:4      | Found a large runed translucent door.
  2002 | D:5      | Entered Level 5 of the Dungeon
  2041 | D:5      | Reached skill level 5 in Air Magic
  2041 | D:5      | Reached XP level 8. HP: 51/57 MP: 6/15
  2105 | D:5      | Noticed Prince Ribbit
  2122 | D:5      | Killed Prince Ribbit
  2123 | D:5      | Reached skill level 5 in Spellcasting
  2123 | D:5      | Reached skill level 7 in Conjurations
  2472 | D:6      | Noticed Duvessa
  2475 | D:6      | Noticed Dowan
  2484 | D:6      | Killed Dowan
  2485 | D:6      | Reached skill level 8 in Conjurations
  2485 | D:6      | Gained mutation: You passively map the area around you.
                  | [Meteoran growth]
  2485 | D:6      | Reached XP level 9. HP: 42/62 MP: 4/18
  2486 | D:6      | Killed Duvessa
  2513 | D:6      | Found an ancient bone altar of Kikubaaqudgha.
  2520 | D:6      | Found a stormy altar of Qazlal.
  2521 | D:6      | Found a shadowy altar of Dithmenos.
  2522 | D:6      | Found a white marble altar of Elyvilon.
  2524 | D:6      | Found a broken altar of Ashenzari.
  2524 | D:6      | Found a hazy altar of Hepliaklqana.
  2524 | D:6      | Found a bloodstained altar of Trog.
  2525 | D:6      | Found a sacrificial altar of Ru.
  2525 | D:6      | Found a sparkling altar of Nemelex Xobeh.
  2526 | D:6      | Found a burning altar of Makhleb.
  2806 | D:6      | Found Pamoxkie's Self-Improvement Boutique.
  2927 | D:6      | Noticed Sigmund
  2932 | D:6      | Killed Sigmund
  2933 | D:6      | Reached skill level 9 in Conjurations
  2959 | D:7      | Reached * piety under Vehumet
  2959 | D:7      | Offered knowledge of Sandblast by Vehumet.
  2997 | D:7      | Noticed Pikel
  3011 | D:7      | Killed Pikel
  3012 | D:7      | Reached XP level 10. HP: 51/69 MP: 0/21
  3040 | D:7      | Found Qetteude's General Store.
  3336 | D:7      | Reached skill level 10 in Conjurations
  3381 | D:7      | Reached skill level 1 in Dodging
  3392 | D:7      | Reached skill level 1 in Fighting
  3394 | D:7      | Found a sand-covered staircase.
  3399 | Ossuary  | Entered an ossuary
  3560 | Ossuary  | Offered knowledge of Shock by Vehumet.
  3561 | Ossuary  | Reached ** piety under Vehumet
  3578 | Ossuary  | Learned a level 1 spell: Shock
  4350 | D:8      | Noticed a gargoyle
  4359 | D:8      | Killed from afar by a gargoyle

Illustrated notes

Levels and vault maps discovered:
D:1:      heliophobic_arrival_henge, layout_loops_ring
D:2:      wad_pebble_path, layout_basic
D:3:      layout_basic, nicolae_yredelemnul_corpse_copse,
          chequers_serial_rivers_micro_b, uniq_ijyb, uniq_terence, uniq_robin,
          uniq_jessica
D:4:      layout_basic, temple_statues, minmay_hollow_rounded_squares,
          uniq_natasha, uniq_blork_the_orc
D:5:      layout_cave_pools, uniq_prince_ribbit1
D:6:      layout_cave_pools, nicolae_overflows_in_rows, nicolae_shop_self_help,
          uniq_sigmund, uniq_duvessa
D:7:      layout_basic, serial_shops, shop, enter_ossuary_2, uniq_pikel
D:8:      cheibrodos_statue_roulette, layout_layer_cave,
          dreamdust_mushroom_princess, uniq_maggie
Temple:   chequers_temple_sunken

Skill      XL: |  1  2  3  4  5  6  7  8  9 10 |
---------------+-------------------------------+-----
Long Blades    | 4 |  4.4
Conjurations   | 3 4 5 6 8 9 10 | 10.6
Spellcasting   | 2 3 4 5 6 7 |  7.4
Air Magic      | 1 2 3 5 6 8 9 |  9.7
Dodging        | 2 |  2.5
Fighting       | 2 |  2.3
Shields        | |  2.4
Evocations     | |  2.4

Action                     |  1- 3 |  4- 6 |  7- 9 | 10-12 || total
---------------------------+-------+-------+-------+-------++-------
  Melee: Falchion          |    53 |   113 |    14 |       ||   180
         Staff             |       |       |    31 |   133 ||   164
   Cast: Searing Ray       |     3 |    12 |    21 |     5 ||    41
         Mephitic Cloud    |       |       |     2 |       ||     2
         Arcjolt           |       |       |    11 |    18 ||    29
         Vhi's Electric Ch |       |       |       |     2 ||     2
  Evoke: Wand              |       |       |     4 |       ||     4
    Use: Scroll            |       |     1 |    14 |     1 ||    16
         Potion            |       |     1 |       |       ||     1
   Stab: Sleeping          |       |       |       |     1 ||     1
 Armour: Robe              |    19 |    38 |    34 |    89 ||   180
  Dodge: Dodged            |    21 |    35 |    45 |    86 ||   187
  Block: Buckler           |     7 |    24 |    18 |    50 ||    99

Table legend: (Time is in decaauts)
 A = Elapsed time spent in this place.
 B = Non-inter-level travel time spent in this place.
 C = Inter-level travel time spent in this place.
 D = Time resting spent in this place.
 E = Time spent auto-exploring this place.
 F = Levels seen in this place.
 G = Mean time per level.
                   A        B        C        D        E       F      G
               +--------+--------+--------+--------+--------+-----+--------+
         Total |   4440 |   4279 |    161 |      0 |   2726 |  10 |  444.0 |
       Dungeon |   4056 |   3895 |    161 |      0 |   2640 |   8 |  507.0 |
        Temple |     86 |     86 |      0 |      0 |      0 |   1 |   86.0 |
       Ossuary |    298 |    298 |      0 |      0 |     86 |   1 |  298.0 |
               +--------+--------+--------+--------+--------+-----+--------+

Top non-repeatable levels by time:
     D:7: 774 daAuts
     D:4: 684 daAuts
     D:1: 534 daAuts
     D:6: 488 daAuts
     D:5: 472 daAuts
     D:3: 402 daAuts
     D:8: 363 daAuts
     D:2: 336 daAuts
 Ossuary: 298 daAuts
  Temple: 86 daAuts
